Map: [ESL] Altitude

Players

RagnaroK (SHIN) - Winner!

  • Race: Zerg Zerg

Serral

  • Race: Zerg Zerg

Event: IEM Katowice 2023

VOD

Have the link to the VOD?

Description

Time

  • Played on: Feb. 12, 2023, 7:08 a.m.
  • Length: 8:00

All games in this series

Show
View Real Time Build Order
Export as new Build Order

RagnaroK Zerg - Winner!

Build Orders: Hatch First 

Get SALT Encoding   

  12  0:00  Drone  
  13  0:12  Overlord  
  13  0:17  Drone  
  14  0:30  Drone x2  
  16  0:48  Hatchery  
  15  0:51  Drone  
  15  0:55  Drone  
  17  0:59  Drone  
  18  1:09  Extractor  
  17  1:14  Spawning Pool  
  17  1:17  Drone  
  17  1:20  Drone  
  18  1:29  Drone  
  19  1:39  Drone  
  20  1:50  Drone  
  21  2:00  Queen  
  21  2:01  Queen, Zergling x2  
  25  2:02  Overlord  
  26  2:11  Drone x2  
  26  2:12  Metabolic Boost  
  28  2:21  Drone  
  28  2:22  Drone  
  30  2:32  Drone x2  
  32  2:41  Hatchery  
  32  2:43  Drone  
  32  2:45  Drone  
  33  2:52  Baneling Nest  
  33  2:54  Overlord  
  33  2:57  Zergling x2  
  33  3:04  Zergling x2  
  34  3:08  Zergling x4  
  36  3:13  Drone x5  
  41  3:20  Queen  
  41  3:23  Zergling x2  
  44  3:28  Evolution Chamber  
  44  3:29  Overlord  
  43  3:35  Zergling x2  
  44  3:42  Overlord  
  44  3:44  Baneling x2  
  44  3:48  Zergling x10  
  46  3:57  Zergling x2  
  46  3:58  Zergling x2  
  46  4:00  Drone  
  44  4:06  Baneling, Zergling x4  
  44  4:08  Queen  
  47  4:11  Drone  
  47  4:13  Baneling x2  
  48  4:18  Drone x2, Zergling x2  
  48  4:19  Zergling x2  
  48  4:21  Drone  
  48  4:23  Drone  
  53  4:29  Drone x2  
  53  4:31  Zerg Ground Armor Level 1  
  55  4:34  Drone  
  56  4:38  Roach Warren  
  56  4:41  Overlord, Drone  
  56  4:45  Drone  
  57  4:48  Drone x2  
  59  4:55  Zergling x2  
  59  4:56  Zergling x6  
  59  4:59  Overlord  
  63  5:00  Extractor x2, Drone  
  63  5:01  Overlord  
  63  5:07  Zergling x4  
  63  5:09  Baneling  
  63  5:10  Baneling  
  64  5:19  Roach  
  65  5:21  Drone  
  65  5:22  Drone  
  65  5:26  Roach x3  
  70  5:31  Roach  
  70  5:33  Zergling x8  
  70  5:34  Zergling x8  
  80  5:39  Roach  
  82  5:45  Roach x2  
  86  5:51  Roach  
  86  5:56  Roach  
  89  5:57  Overlord  
  89  6:01  Overlord  
  88  6:08  Overlord  
  88  6:15  Roach  
  88  6:16  Roach x3  
  88  6:17  Roach  
  98  6:21  Roach x3  
  98  6:22  Roach  
  105  6:27  Roach x2  
  105  6:32  Roach  
  111  6:33  Roach  
  111  6:35  Overlord  
  113  6:43  Overlord  
  113  6:44  Overlord  
  113  6:47  Overlord  
  113  6:55  Zergling x12  
  113  6:59  Zergling x4  
  121  7:01  Zergling x2  
  121  7:06  Baneling x5  
  121  7:07  Baneling x2  
  122  7:10  Zergling x4  
  121  7:16  Zergling x2  
  121  7:20  Zergling x2  
  121  7:23  Zergling x8  
  121  7:27  Ravager  
  121  7:28  Zergling x2  
  93  7:30  Zergling x6  
  93  7:32  Zergling x2, Ravager  
  93  7:34  Zergling x2  
  89  7:41  Zergling x2  
  84  7:51  Ravager  
  86  7:53  Ravager  
  86  7:54  Ravager  
Show
View Real Time Build Order
Export as new Build Order

Serral Zerg 

Build Orders: Hatch First, Zergling Baneling 

Get SALT Encoding   

  12  0:00  Drone  
  13  0:12  Overlord  
  13  0:17  Drone  
  14  0:30  Drone x2  
  16  0:48  Hatchery  
  15  0:51  Drone  
  15  0:55  Drone  
  17  0:59  Drone  
  18  1:10  Extractor  
  17  1:15  Spawning Pool  
  17  1:18  Drone  
  17  1:21  Drone  
  18  1:28  Drone  
  19  1:38  Drone  
  20  1:50  Drone  
  21  2:01  Queen x2  
  21  2:02  Overlord, Zergling x2  
  26  2:11  Metabolic Boost  
  26  2:12  Drone  
  26  2:14  Drone  
  28  2:22  Zergling x2  
  29  2:23  Drone  
  30  2:38  Hatchery  
  30  2:40  Drone  
  30  2:41  Drone  
  31  2:44  Drone  
  32  2:52  Baneling Nest  
  32  2:54  Overlord  
  31  3:03  Drone x2  
  33  3:12  Zergling x6  
  36  3:15  Zergling x6  
  36  3:19  Zergling x4  
  41  3:23  Zergling x2  
  41  3:24  Overlord  
  42  3:29  Drone  
  43  3:35  Baneling x2  
  43  3:40  Zergling x2  
  44  3:42  Overlord, Queen  
  44  3:44  Drone  
  44  3:45  Drone  
  44  3:46  Baneling  
  48  3:51  Drone x2  
  48  3:54  Drone  
  49  3:58  Baneling  
  49  3:59  Zergling x4  
  49  4:07  Zergling x8  
  50  4:15  Drone x3  
  50  4:16  Drone  
  54  4:21  Drone x2  
  54  4:23  Baneling x2  
  55  4:32  Extractor, Baneling x2, Roach Warren  
  55  4:35  Drone x3  
  55  4:36  Drone  
  57  4:41  Zergling x2, Evolution Chamber  
  57  4:43  Drone  
  57  4:44  Drone  
  57  4:45  Drone  
  60  4:48  Baneling  
  60  4:49  Baneling  
  60  4:53  Drone  
  60  4:57  Extractor  
  60  4:58  Drone x2  
  62  5:01  Zergling x4  
  62  5:03  Baneling x2  
  62  5:04  Drone x2  
  62  5:05  Overlord x2  
  66  5:11  Overlord  
  66  5:16  Drone x2  
  65  5:25  Drone x2  
  65  5:27  Drone  
  66  5:32  Roach x5  
  76  5:38  Roach x2  
  80  5:44  Lair  
  80  5:45  Drone x5  
  80  5:46  Extractor  
  80  5:48  Overlord  
  84  5:51  Extractor, Roach  
  84  5:52  Overlord  
  84  5:54  Roach  
  84  5:55  Roach  
  89  6:05  Drone  
  89  6:06  Overlord x3  
  89  6:08  Overlord  
  90  6:12  Roach x3  
  90  6:14  Baneling x2  
  90  6:18  Overlord  
  96  6:20  Drone  
  96  6:22  Drone x2  
  99  6:32  Drone  
  99  6:34  Roach x4  
  99  6:35  Roach  
  109  6:41  Overlord  
  109  6:45  Overseer  
  108  6:47  Roach x3  
  114  6:58  Roach x6  
  126  7:05  Overlord  
  126  7:07  Roach  
  128  7:09  Baneling x7  
  128  7:12  Roach x3  
  133  7:19  Roach  
  133  7:20  Roach x4  
  140  7:27  Roach  
  140  7:28  Roach x4  
  124  7:32  Roach  
  124  7:33  Roach  
  124  7:35  Roach  
  110  7:39  Roach x2, Spine Crawler  
  110  7:41  Roach  

Tags
 
Add a new tag
Caveats
  • Supply blocks, unpowered buildings, or Contaminate may cause inaccurate times.
  • Supply counts are checked every 10 seconds.